PBL
VICTORIA CAPITALS @ PALM BEACH NATIONALS
07/24/2044
 
TOP OF THE 1ST
Victoria Capitals batting - Pitching for Palm Beach Nationals : RHP Matt Norris
Pitching: RHP Matt Norris
Batting: RHB Heihachiro Fujita 0-0: Ball
1-0: Called Strike
1-1: Swinging Strike
1-2: Strikes out swinging
Batting: RHB Tomokazu Sugimoto 0-0: Ball
1-0: Called Strike
1-1: Swinging Strike
1-2: Foul Ball, location: 2F
1-2: Foul Ball, location: 2F
1-2: Ball
2-2: Ball
3-2: TRIPLE (Line Drive, 78XD, EV 109.4 MPH)
Batting: RHB Victor Rosas 0-0: Foul Ball, location: 2F
0-1: Ball
1-1: Called Strike
1-2: Foul Ball, location: 2F
1-2: Ball
2-2: Ball
3-2: Ground out 6-3 (Groundball, 6, EV 105.6 MPH)
Tomokazu Sugimoto scores
Batting: LHB Taki Matsui 0-0: Ball
1-0: Swinging Strike
1-1: Ball
2-1: Called Strike
2-2: Strikes out swinging
Top of the 1st over - 1 run, 1 hit, 0 errors, 0 left on base; Victoria 1 - Palm Beach 0
BOTTOM OF THE 1ST
Palm Beach Nationals batting - Pitching for Victoria Capitals : RHP Raul Lopez
Pitching: RHP Raul Lopez
Batting: RHB Victor Cintron 0-0: Ball
1-0: Fly out, F5 (Popup, 5S, EV 75.6 MPH)
Batting: RHB Chad Madsen 0-0: Ball
1-0: Swinging Strike
1-1: Ball
2-1: Ball
3-1: Called Strike
3-2: Strikes out swinging
Batting: RHB Steve Bauman 0-0: Ball
1-0: Called Strike
1-1: Foul Ball, location: 2F
1-2: Ball
2-2: Ball
3-2: Base on Balls
Batting: RHB Gabe Almazan 0-0: Swinging Strike
0-1: SINGLE (Line Drive, 5D, EV 98.1 MPH)
Steve Bauman to second
Batting: RHB Lamar Thornton 0-0: Called Strike
0-1: Fly out, F4 (Line Drive, 4, EV 68.1 MPH)
Bottom of the 1st over - 0 runs, 1 hit, 0 errors, 2 left on base; Victoria 1 - Palm Beach 0
TOP OF THE 2ND
Victoria Capitals batting - Pitching for Palm Beach Nationals : RHP Matt Norris
Batting: SHB Carlos Luna 0-0: Ground out U3 (Groundball, 3, EV 89.4 MPH)
Batting: RHB Nick Edmunds 0-0: Swinging Strike
0-1: Fly out, F9 (Flyball, 9, EV 78.8 MPH)
Batting: SHB Ray Skogen 0-0: Called Strike
0-1: Fly out, F8 (Flyball, 8RD, EV 92.5 MPH)
Top of the 2nd over - 0 runs, 0 hits, 0 errors, 0 left on base; Victoria 1 - Palm Beach 0
BOTTOM OF THE 2ND
Palm Beach Nationals batting - Pitching for Victoria Capitals : RHP Raul Lopez
Batting: RHB Antonio Vallez 0-0: Called Strike
0-1: Ball
1-1: Foul Ball, location: 2F
1-2: Strikes out swinging
Batting: RHB Justin Davenport 0-0: Ball
1-0: Called Strike
1-1: Ball
2-1: DOUBLE (Line Drive, 78XD, EV 107.5 MPH)
Batting: RHB Dave Burwell 0-0: Ball
1-0: Swinging Strike
1-1: Ball
2-1: Foul Ball, location: 2F
2-2: Foul Ball, location: 2F
2-2: Strikes out looking
Batting: RHB Jelexiz Cuenca 0-0: Ball
1-0: Ball
2-0: Ball
3-0: Foul Ball, location: 2F
3-1: Base on Balls
Batting: RHB Victor Cintron 0-0: Ball
1-0: Ball
2-0: Ball
3-0: Called Strike
3-1: Foul Ball, location: 2F
3-2: Fly out, F8 (Flyball, 8LD, EV 96.9 MPH)
Bottom of the 2nd over - 0 runs, 1 hit, 0 errors, 2 left on base; Victoria 1 - Palm Beach 0
TOP OF THE 3RD
Victoria Capitals batting - Pitching for Palm Beach Nationals : RHP Matt Norris
Batting: RHB David Greene 0-0: Foul Ball, location: 2F
0-1: Foul Ball, location: 2F
0-2: Ball
1-2: Strikes out swinging, 2-3 out at first.
Batting: RHB Jesus Santiago 0-0: Called Strike
0-1: Ball
1-1: Ball
2-1: Called Strike
2-2: Ball
3-2: Ground out 4-3 (Groundball, 4, EV 83.1 MPH)
Batting: RHB Heihachiro Fujita 0-0: Ball
1-0: Ground out 4-3 (Groundball, 4, EV 90.6 MPH)
Top of the 3rd over - 0 runs, 0 hits, 0 errors, 0 left on base; Victoria 1 - Palm Beach 0
BOTTOM OF THE 3RD
Palm Beach Nationals batting - Pitching for Victoria Capitals : RHP Raul Lopez
Batting: RHB Chad Madsen 0-0: Ground out 1-3 (Groundball, 15S, EV 63.8 MPH)
Batting: RHB Steve Bauman 0-0: Ball
1-0: Foul Ball, location: 2F
1-1: Swinging Strike
1-2: Ball
2-2: Ball
3-2: Foul Ball, location: 2F
3-2: Fly out, F8 (Flyball, 8RD, EV 105.0 MPH)
Batting: RHB Gabe Almazan 0-0: Swinging Strike
0-1: Foul Ball, location: 2F
0-2: Ball
1-2: Foul Ball, location: 2F
1-2: Ball
2-2: Fly out, F7 (Flyball, 78M, EV 93.1 MPH)
Bottom of the 3rd over - 0 runs, 0 hits, 0 errors, 0 left on base; Victoria 1 - Palm Beach 0
TOP OF THE 4TH
Victoria Capitals batting - Pitching for Palm Beach Nationals : RHP Matt Norris
Batting: RHB Tomokazu Sugimoto 0-0: Called Strike
0-1: Ball
1-1: Fly out, F4 (Popup, 4MS, EV 80.0 MPH)
Batting: RHB Victor Rosas 0-0: Called Strike
0-1: Fly out, F3 (Line Drive, 3, EV 68.1 MPH)
Batting: LHB Taki Matsui 0-0: Ball
1-0: Ground out 6-3 (Groundball, 6, EV 93.8 MPH)
Top of the 4th over - 0 runs, 0 hits, 0 errors, 0 left on base; Victoria 1 - Palm Beach 0
BOTTOM OF THE 4TH
Palm Beach Nationals batting - Pitching for Victoria Capitals : RHP Raul Lopez
Batting: RHB Lamar Thornton 0-0: Ball
1-0: Foul Ball, location: 2F
1-1: Ball
2-1: Foul Ball, location: 2F
2-2: Foul Ball, location: 2F
2-2: Ball
3-2: Fly out, F5 (Line Drive, 5, EV 71.9 MPH)
Batting: RHB Antonio Vallez 0-0: Foul Ball, location: 2F
0-1: Ball
1-1: Foul Ball, location: 2F
1-2: Strikes out swinging
Batting: RHB Justin Davenport 0-0: Ball
1-0: Foul Ball, location: 2F
1-1: Foul Ball, location: 2F
1-2: Ball
2-2: SINGLE (Line Drive, 7S, EV 98.1 MPH)
Batting: RHB Dave Burwell 0-0: Called Strike
0-1: Called Strike
0-2: Hit by Pitch
Justin Davenport to second
Batting: RHB Jelexiz Cuenca 0-0: Foul Ball, location: 2F
0-1: Ball
1-1: Ball
2-1: Foul Ball, location: 2F
2-2: Strikes out swinging
Bottom of the 4th over - 0 runs, 1 hit, 0 errors, 2 left on base; Victoria 1 - Palm Beach 0
TOP OF THE 5TH
Victoria Capitals batting - Pitching for Palm Beach Nationals : RHP Matt Norris
Batting: SHB Carlos Luna 0-0: Called Strike
0-1: Called Strike
0-2: Foul Ball, location: 2F
0-2: Ball
1-2: DOUBLE (Line Drive, 89D, EV 101.9 MPH)
Batting: RHB Nick Edmunds 0-0: Called Strike
0-1: Foul Ball, location: 2F
0-2: Hit by Pitch
Batting: SHB Ray Skogen 0-0: Fly out, F6 (Flyball, 6D, EV 95.0 MPH)
Batting: RHB David Greene 0-0: Ball
1-0: Fielders Choice at 2nd, 6-4 (Groundball, 6, EV 108.1 MPH)
Carlos Luna to third
Batting: RHB Jesus Santiago 0-0: Ball
1-0: Called Strike
1-1: Swinging Strike
1-2: Foul Ball, location: 2F
1-2: Ball
2-2: Ball
3-2: Foul Ball, location: 2F
3-2: Base on Balls
David Greene to second
Batting: RHB Heihachiro Fujita 0-0: Ground out 1-3 (Groundball, P, EV 66.2 MPH)
Top of the 5th over - 0 runs, 1 hit, 0 errors, 3 left on base; Victoria 1 - Palm Beach 0
BOTTOM OF THE 5TH
Palm Beach Nationals batting - Pitching for Victoria Capitals : RHP Raul Lopez
Pitching: RHP Frank Cabrera
Batting: RHB Victor Cintron 0-0: Swinging Strike
0-1: Ball
1-1: Foul Ball, location: 2F
1-2: Ball
2-2: Foul Ball, location: 2F
2-2: Foul Ball, location: 2F
2-2: Ball
3-2: Ground out U3 (Groundball, 34, EV 93.1 MPH)
Batting: RHB Chad Madsen 0-0: Ball
1-0: Swinging Strike
1-1: Foul Ball, location: 2F
1-2: Ground out 5-3 (Groundball, 5S, EV 80.6 MPH)
Batting: RHB Steve Bauman 0-0: Ground out 6-3 (Groundball, 56, EV 81.9 MPH)
Bottom of the 5th over - 0 runs, 0 hits, 0 errors, 0 left on base; Victoria 1 - Palm Beach 0
TOP OF THE 6TH
Victoria Capitals batting - Pitching for Palm Beach Nationals : RHP Matt Norris
Batting: RHB Tomokazu Sugimoto 0-0: Ball
1-0: Ball
2-0: Ball
3-0: Base on Balls
Batting: RHB Victor Rosas 0-0: Called Strike
Tomokazu Sugimoto steals 2nd base
0-1: Ball
1-1: Ball
2-1: Ball
3-1: Foul Ball, location: 2F
3-2: Foul Ball, location: 2F
3-2: Base on Balls
Batting: LHB Taki Matsui 0-0: Called Strike
0-1: Swinging Strike
0-2: Ball
1-2: Ball
2-2: Ball
3-2: Strikes out swinging
Batting: SHB Carlos Luna 0-0: Ball
1-0: Called Strike
Tomokazu Sugimoto steals 3rd base
1-1: Foul Ball, location: 2F
1-2: Foul Ball, location: 2F
1-2: Foul Ball, location: 2F
1-2: Reached on error, E6 (Popup, 6, EV 53.1 MPH)
Tomokazu Sugimoto scores
Victor Rosas to second
Batting: RHB Nick Edmunds 0-0: Ball
1-0: Fielders Choice at 2nd, 4-6 (Groundball, 4, EV 85.0 MPH)
Victor Rosas to third
Batting: SHB Ray Skogen 0-0: Ball
1-0: Called Strike
1-1: Foul Ball, location: 2F
1-2: Ball
2-2: Fly out, F8 (Flyball, 8RXD, EV 102.5 MPH)
Top of the 6th over - 1 run, 0 hits, 1 error, 2 left on base; Victoria 2 - Palm Beach 0
BOTTOM OF THE 6TH
Palm Beach Nationals batting - Pitching for Victoria Capitals : RHP Frank Cabrera
Batting: RHB Gabe Almazan 0-0: Called Strike
0-1: Ball
1-1: Foul Ball, location: 2F
1-2: Ball
2-2: Ball
3-2: Fly out, F8 (Flyball, 8LD, EV 93.8 MPH)
Batting: RHB Lamar Thornton 0-0: Called Strike
0-1: Ball
1-1: Called Strike
1-2: DOUBLE (Line Drive, 78D, EV 103.8 MPH)
Batting: RHB Antonio Vallez 0-0: Ground out 6-3 (Groundball, 56, EV 89.4 MPH)
Batting: RHB Justin Davenport 0-0: Ball
1-0: Called Strike
1-1: Ball
2-1: Foul Ball, location: 2F
2-2: Fly out, F8 (Line Drive, 8LM, EV 88.8 MPH)
Bottom of the 6th over - 0 runs, 1 hit, 0 errors, 1 left on base; Victoria 2 - Palm Beach 0
TOP OF THE 7TH
Victoria Capitals batting - Pitching for Palm Beach Nationals : RHP Matt Norris
Batting: RHB David Greene 0-0: Called Strike
0-1: Foul Ball, location: 2F
0-2: Ball
1-2: Ground out 3-1 (Groundball, 34, EV 82.5 MPH)
Batting: RHB Jesus Santiago 0-0: Ball
1-0: Ball
2-0: Foul Ball, location: 2F
2-1: Foul Ball, location: 2F
2-2: Foul Ball, location: 2F
2-2: Strikes out looking
Batting: RHB Heihachiro Fujita 0-0: Ball
1-0: Ball
2-0: Ball
3-0: Called Strike
3-1: Base on Balls
Batting: RHB Tomokazu Sugimoto 0-0: Ball
1-0: Ball
2-0: Foul Ball, location: 2F
2-1: Called Strike
2-2: Strikes out swinging
Top of the 7th over - 0 runs, 0 hits, 0 errors, 1 left on base; Victoria 2 - Palm Beach 0
BOTTOM OF THE 7TH
Palm Beach Nationals batting - Pitching for Victoria Capitals : RHP Frank Cabrera
Pitching: RHP Aaron Black
Batting: RHB Dave Burwell 0-0: Called Strike
0-1: Called Strike
0-2: Ball
1-2: Ball
2-2: Ball
3-2: Strikes out swinging, 2-3 out at first.
Batting: RHB Jelexiz Cuenca 0-0: Called Strike
0-1: Foul Ball, location: 2F
0-2: DOUBLE (Groundball, 5L, EV 105.6 MPH)
Batting: RHB Victor Cintron 0-0: Ball
1-0: Ball
2-0: Ball
3-0: Called Strike
3-1: Swinging Strike
3-2: Base on Balls
Batting: RHB Chad Madsen 0-0: Ball
1-0: Called Strike
1-1: Foul Ball, location: 2F
1-2: Fly out, F9 (Flyball, 89M, EV 88.1 MPH)
Batting: RHB Steve Bauman 0-0: Fielders Choice at 2nd, 6-4 (Groundball, 6, EV 90.6 MPH)
Bottom of the 7th over - 0 runs, 1 hit, 0 errors, 2 left on base; Victoria 2 - Palm Beach 0
TOP OF THE 8TH
Victoria Capitals batting - Pitching for Palm Beach Nationals : RHP Matt Norris
Batting: RHB Victor Rosas 0-0: Called Strike
0-1: Ball
1-1: Ground out 6-3 (Groundball, 6, EV 87.5 MPH)
Batting: LHB Taki Matsui 0-0: Foul Ball, location: 2F
0-1: Foul Ball, location: 2F
0-2: SINGLE (Groundball, 34D, EV 100.0 MPH)
Batting: SHB Carlos Luna 0-0: Ball
1-0: SINGLE (Groundball, 4D, EV 105.6 MPH)
Taki Matsui to second
Batting: RHB Nick Edmunds 0-0: Ball
1-0: DOUBLE (Line Drive, 9LS, EV 97.5 MPH)
Taki Matsui scores
Carlos Luna to third
Runner from 3rd tries for Home, throw by RF and OUT! 9-4-2
Batting: SHB Ray Skogen 0-0: Ball
1-0: Ball
2-0: Ball
3-0: Base on Balls
Batting: RHB David Greene 0-0: SINGLE (Groundball, 6D, EV 98.1 MPH)
Nick Edmunds to third
Ray Skogen to second
Runner from 3rd tries for Home, throw by CF and OUT! 8-2
Top of the 8th over - 1 run, 4 hits, 0 errors, 2 left on base; Victoria 3 - Palm Beach 0
BOTTOM OF THE 8TH
Palm Beach Nationals batting - Pitching for Victoria Capitals : RHP Aaron Black
Pitching: LHP Chris Wheeler
Batting: RHB Gabe Almazan 0-0: Ball
1-0: Foul Ball, location: 2F
1-1: Foul Ball, location: 2F
1-2: Strikes out swinging
Batting: RHB Lamar Thornton 0-0: Called Strike
0-1: Ball
1-1: SINGLE (Groundball, 4MD, EV 100.6 MPH)
Batting: RHB Antonio Vallez 0-0: Called Strike
0-1: Called Strike
0-2: Ball
1-2: Ball
2-2: Ball
3-2: Foul Ball, location: 2F
3-2: DOUBLE (Flyball, 89XD, EV 100.6 MPH)
Lamar Thornton to third
Runner from 3rd tries for Home, SAFE, no throw by RF
Batting: RHB Justin Davenport 0-0: Ball
1-0: Ball
2-0: Swinging Strike
2-1: Swinging Strike
2-2: Foul Ball, location: 2F
2-2: Strikes out swinging
Batting: RHB Dave Burwell 0-0: Called Strike
0-1: Ball
1-1: Ball
2-1: Ball
3-1: Called Strike
3-2: Foul Ball, location: 2F
3-2: Base on Balls
Pitching: RHP Kieran Easton
Pinch Hitting: LHB Vince McLane 0-0: Called Strike
0-1: Ball
1-1: SINGLE (Line Drive, 9S, EV 98.1 MPH)
Antonio Vallez to third
Dave Burwell to second
Runner from 3rd tries for Home, throw by RF and OUT! 9-2
Bottom of the 8th over - 1 run, 3 hits, 0 errors, 2 left on base; Victoria 3 - Palm Beach 1
TOP OF THE 9TH
Victoria Capitals batting - Pitching for Palm Beach Nationals : RHP Matt Norris
Now at 3B: Bobby Bricker
Batting: RHB Jesus Santiago 0-0: Called Strike
0-1: Ball
1-1: Fly out, F8 (Flyball, 8RM, EV 76.9 MPH)
Batting: RHB Heihachiro Fujita 0-0: Ball
1-0: Foul Ball, location: 2F
1-1: Swinging Strike
1-2: Foul Ball, location: 2F
1-2: Ball
2-2: Foul Ball, location: 2F
2-2: Ball
3-2: Strikes out swinging
Batting: RHB Tomokazu Sugimoto 0-0: Called Strike
0-1: Ball
1-1: Ball
2-1: Foul Ball, location: 2F
2-2: SINGLE (Line Drive, 4D, EV 94.4 MPH)
Batting: RHB Victor Rosas 0-0: Ball
1-0: Foul Ball, location: 2F
1-1: Ball
2-1: Fly out, F3 (Popup, 3F, EV 62.5 MPH)
Top of the 9th over - 0 runs, 1 hit, 0 errors, 1 left on base; Victoria 3 - Palm Beach 1
BOTTOM OF THE 9TH
Palm Beach Nationals batting - Pitching for Victoria Capitals : RHP Kieran Easton
Pitching: LHP Ben Burton
Batting: RHB Victor Cintron 0-0: Called Strike
0-1: Swinging Strike
0-2: Ball
1-2: Strikes out swinging
Batting: RHB Chad Madsen 0-0: Ball
1-0: Ball
2-0: SOLO HOME RUN (Flyball, 7LD, EV 96.9 MPH), Distance : 367 ft
Batting: RHB Steve Bauman 0-0: Foul Ball, location: 2F
0-1: Ball
1-1: Ball
2-1: Ball
3-1: Foul Ball, location: 2F
3-2: Fly out, F9 (Line Drive, 9D, EV 95.0 MPH)
Batting: RHB Gabe Almazan 0-0: Ball
1-0: Foul Ball, location: 2F
1-1: Called Strike
1-2: Ball
2-2: Strikes out swinging
Bottom of the 9th over - 1 run, 1 hit, 0 errors, 0 left on base; Victoria 3 - Palm Beach 2
Thursday, March 31st , 2022 - OOTP Baseball 22.12 Build 89